 Dungeon Crawl Stone Soup version 0.30-a0-743-gbfdf073431 (webtiles) character file.

Game seed: 14842341210166355185

37 ryw the Chopper (level 3, -6/33 HPs)
             Began as a Hill Orc Berserker on Feb 6, 2023.
             Was a Follower of Trog.
             Mangled by a worm (10 damage)
             ... on level 2 of the Dungeon.
             The game lasted 00:01:21 (896 turns).

ryw the Chopper (Hill Orc Berserker)                 Turns: 896, Time: 00:01:22

Health: -6/33      AC:  2    Str: 21    XL:     3   Next: 39%
Magic:  3/3        EV: 12    Int:  7    God:    Trog [*.....]
Gold:   36         SH:  0    Dex: 10    Spells: 2/2 levels left

rFire   . . .      SeeInvis .    a - +0 hand axe
rCold   . . .      Faith    .    (no shield)
rNeg    . . .      Spirit   .    b - +0 animal skin
rPois   .          Reflect  .    (no helmet)
rElec   .          Harm     .    (no cloak)
rCorr   .          Rampage  .    (no gloves)
Will    .....                    (no boots)
Stlth   +                        (no amulet)
HPRegen 0.25/turn                (no ring)
MPRegen 0.08/turn                (no ring)

@: no status effects
A: no striking features
a: Renounce Religion, Berserk


You were on level 2 of the Dungeon.
You worshipped Trog.
Trog was aware of your devotion.
You visited 1 branch of the dungeon, and saw 2 of its levels.

You collected 36 gold pieces.

Inventory:

Hand Weapons
 a - a +0 hand axe (weapon)
Armour
 b - a +0 animal skin (worn)
Scrolls
 e - a scroll of fear {unknown}
 f - a scroll of identify {unknown}
 g - a scroll of butterflies {unknown}
Potions
 d - a potion of brilliance {unknown}


   Skills:
 + Level 4.1 Fighting
 + Level 4.5 Axes
 + Level 2.8 Armour
 + Level 2.0 Dodging


You had 2 spell levels left.
You didn't know any spells.
Your spell library was empty.

Dungeon Overview and Level Annotations

Branches:
Dungeon (2/15)

Altars:


Message History

The floor.
You see here a +0 short sword.
There is a stone staircase leading down here.
You climb downwards.
The hobgoblin shouts!
Found a scroll labelled HAMULI TAET.
There is a stone staircase leading up here.
Unknown command.
The hobgoblin misses you.
You hit the hobgoblin.
The hobgoblin is heavily wounded.
The hobgoblin barely misses you.
You barely miss the hobgoblin.
The hobgoblin is heavily wounded.
The hobgoblin hits you.
A worm comes into view.
You slash the hobgoblin!
You kill the hobgoblin!
Trog accepts your kill.
Found 5 gold pieces.
The worm bites you!
You hit the worm.
The worm is lightly wounded.
You hit the worm.
The worm is moderately wounded.
The worm bites you.
You hit the worm. You punch the worm, but do no damage.
The worm is heavily wounded.
The worm bites you!
You are too injured to fight recklessly!
You are too injured to fight recklessly!
You hit the worm.
The worm is heavily wounded.
You barely miss the worm.
The worm is heavily wounded.
The worm bites you!
* * * LOW HITPOINT WARNING * * *
You hit the worm.
The worm is heavily wounded.
The worm bites you!
You die...

.. .## ..## . #...
..##... #### $......
..## ### #....###..##
....
#...w@...†.#.....
...................
............##.....
#..#..#......###.##.#
#. ##.###....<.......
# .. ###.......... ..
.?..........# ##.
...............
######.##..##..


You could see a worm.

Vanquished Creatures
  A gnoll (D:1)
  2 ball pythons (D:1)
  2 bats (D:1)
  3 endoplasms (D:1)
  3 giant cockroaches (D:1)
  7 hobgoblins
  A quokka (D:1)
  A frilled lizard (D:1)
  2 kobolds (D:1)
  A rat (D:1)
23 creatures vanquished.

Notes
Turn   | Place    | Note
-------+----------+-------------------------------------------
     0 | D:1      | ryw the Hill Orc Berserker began the quest for the Orb.
     0 | D:1      | Reached XP level 1. HP: 19/19 MP: 1/1
   112 | D:1      | Reached XP level 2. HP: 24/27 MP: 2/2
   591 | D:1      | Reached XP level 3. HP: 26/33 MP: 3/3
   896 | D:2      | Mangled by a worm

Illustrated notes

Levels and vault maps discovered:
D:1:      lemuel_arrival_broad_hall, layout_loops_cross, minmay_misc_feat_alley,
          corexii_item_surrounded_by_moat
D:2:      layout_rooms, dreamdust_ecumenical_altar_statues

Skill      XL: |  1  2 |
---------------+-------+-----
Fighting       | 4 |  4.1
Dodging        | 2 |  2.0
Axes           | |  4.5
Armour         | |  2.8

Action                     || total
---------------------------++-------
  Melee: Hand axe          ||    77
         Punch             ||     1
 Invoke: Berserk           ||     1
    Use: Potion            ||     1
   Stab: Sleeping          ||     1
 Armour: Animal skin       ||    10
  Dodge: Dodged            ||    40

Table legend: (Time is in decaauts)
 A = Elapsed time spent in this place.
 B = Non-inter-level travel time spent in this place.
 C = Inter-level travel time spent in this place.
 D = Time resting spent in this place.
 E = Time spent auto-exploring this place.
 F = Levels seen in this place.
 G = Mean time per level.
                   A        B        C        D        E       F      G
               +--------+--------+--------+--------+--------+-----+--------+
         Total |    911 |    892 |     19 |     51 |    660 |   2 |  455.5 |
       Dungeon |    911 |    892 |     19 |     51 |    660 |   2 |  455.5 |
               +--------+--------+--------+--------+--------+-----+--------+

Top non-repeatable levels by time:
     D:1: 895 daAuts
     D:2: 16 daAuts
